 Dungeon Crawl Stone Soup version 0.30-a0-883-g5ad918d77d (webtiles) character file.

Game seed: 3685801393539258157

64039 bobo the Warrior (level 14, -1/136 HPs)
             Began as a Yellow Draconian Monk on Mar 15, 2023.
             Was a High Priest of Jiyva.
             Slain by a spark wasp (17 damage)
             ... on level 15 of the Dungeon on Mar 17, 2023.
             The game lasted 01:19:42 (22006 turns).

bobo the Warrior (Yellow Draconian Monk)           Turns: 22006, Time: 01:19:42

Health: -1/136     AC: 18    Str: 21    XL:     14   Next: 70%
Magic:  18/18      EV: 20    Int: 10    God:    Jiyva [*****.]
Gold:   870        SH: 16    Dex: 15    Spells: 13/13 levels left

rFire   . . .      SeeInvis .      - Unarmed
rCold   . . .      Faith    .    n - +1 kite shield
rNeg    + + .      Spirit   .    (body armour unavailable)
rPois   .          Reflect  +    O - +0 hat of Dygrupio {rN++ Str+3}
rElec   .          Rampage  .    I - +2 cloak
rCorr   +                        c - +2 pair of gloves
Will    +....                    (no boots)
Stlth   +++                      b - amulet of reflection
HPRegen 1.86/turn                j - +5 ring of evasion
MPRegen 0.61/turn                A - +4 ring of protection

@: short of breath
A: spit acid, AC +8, unfitting armour, acidic bite, cold-blooded, acid
resistance, hooves 1, high MP 3, wild magic 2, pseudopods 1, jelly absorbing
missiles, MP-powered wands, noise suppression
a: Breathe Acid, Renounce Religion, Oozemancy, Slimify


You were on level 15 of the Dungeon.
You worshipped Jiyva.
Jiyva was extremely pleased with you.
You visited 5 branches of the dungeon, and saw 27 of its levels.
You also visited: Sewer and Bailey.

You collected 1062 gold pieces.
You spent 192 gold pieces at shops.

Inventory:

Armour
 c - a +2 pair of gloves (worn)
 n - a +1 kite shield (worn)
 I - a +2 cloak (worn)
 O - the +0 hat of Dygrupio (worn) {rN++ Str+3}
   (You acquired it on level 15 of the Dungeon)

   Str:       It affects your strength (+3).
   rN:        It greatly protects you from negative energy.
Jewellery
 b - an amulet of reflection (around neck)
 f - a +6 ring of intelligence
 h - a ring of poison resistance
 j - a +5 ring of evasion (left hand)
 k - a ring of see invisible
 l - a ring of magical power
 o - a ring of flight
 q - a ring of willpower
 A - a +4 ring of protection (right hand)
 N - a ring of willpower
Wands
 d - a wand of flame (5) (quivered)
 r - a wand of paralysis (2)
 t - a wand of polymorph (4)
 y - a wand of mindburst (13)
Scrolls
 a - a scroll of torment
 e - a scroll of silence
 g - 4 scrolls of amnesia
 u - 4 scrolls of enchant weapon
 w - a scroll of fog
 z - 4 scrolls of brand weapon
 B - 3 scrolls of poison
 E - 3 scrolls of teleportation
 J - 2 scrolls of blinking
 K - 6 scrolls of identify
 L - a scroll of magic mapping
Potions
 i - 3 potions of lignification
 m - 2 potions of degeneration
 s - a potion of curing
 v - 6 potions of flight
 x - 2 potions of cancellation
 C - a potion of resistance {unknown}
 D - 5 potions of brilliance
 F - 3 potions of attraction
 M - a potion of haste
Miscellaneous
 p - a tin of tremorstones (1/2)


   Skills:
 + Level 15.8 Fighting
 - Level 9.5 Dodging
 - Level 6.0 Stealth
 + Level 7.7 Shields
 + Level 14.6 Unarmed Combat
 + Level 10.6 Evocations


You had 13 spell levels left.
You didn't know any spells.
Your spell library contained the following spells:

 Spells                   Type           Power      Damage    Failure   Level
 Kiss of Death            Conj/Necr      0%         2d5       82%         1
 Sandblast                Erth           0%         2d4       82%         1
 Ensorcelled Hibernation  Hex/Ice        0%         N/A       90%         2
 Passwall                 Tmut/Erth      0%         N/A       90%         2
 Scorch                   Fire           0%         2d5       90%         2
 Confusing Touch          Hex            0%         N/A       98%         3
 Inner Flame              Hex/Fire       0%         N/A       98%         3
 Ozocubu's Armour         Ice            0%         N/A       98%         3
 Spider Form              Tmut/Pois      0%         N/A       98%         3
 Stone Arrow              Conj/Erth      0%         3d7       98%         3
 Airstrike                Air            0%         2d(0-16)  100%        4
 Anguish                  Hex/Necr       0%         N/A       100%        4
 Animate Dead             Necr           0%         N/A       100%        4
 Dispel Undead            Necr           0%         3d6       100%        4
 Flame Wave               Conj/Fire      0%         2d4       100%        4
 Sticky Flame             Conj/Fire      0%         2d3       100%        4
 Summon Lightning Spire   Summ/Air       0%         N/A       100%        4
 Fireball                 Conj/Fire      0%         3d3       100%        5
 Freezing Cloud           Conj/Ice/Air   0%         6-21      100%        5
 Iskenderun's Battlesphe  Conj           0%         2d6       100%        5
 Lightning Bolt           Conj/Air       0%         1d11      100%        5
 Conjure Ball Lightning   Conj/Air       0%         3x3d6     100%        6
 Simulacrum               Ice/Necr       0%         N/A       100%        6
 Summon Cactus Giant      Summ           0%         N/A       100%        6
 Haunt                    Necr/Summ      0%         N/A       100%        7
 Orb of Destruction       Conj           0%         9d5       100%        7
 Ozocubu's Refrigeration  Ice            0%         4d7       100%        7
 Infestation              Necr           0%         N/A       100%        8
 Polar Vortex             Ice            0%         N/A       100%        9


Dungeon Overview and Level Annotations

Branches:
Dungeon (15/15)            Temple (1/1) D:4            Lair (5/5) D:9
  Swamp (0/4) Lair:2       Spider (0/4) Lair:2        Slime (5/5) Lair:4
    Orc (0/2) D:11         Vaults (0/5) D:14         Depths (1/4) D:15
  Sewer (visited)          Bailey (visited)

Altars:
Ashenzari
Cheibriados
Dithmenos
Elyvilon
Fedhas
Gozag
Hepliaklqana
Kikubaaqudgha
Makhleb
Nemelex Xobeh
Okawaru
Qazlal
Ru
Sif Muna
Trog
Uskayaw
Vehumet
Wu Jian
Xom
Yredelemnul
Zin
The Shining One
Jiyva

Shops:
D:1 [   D:8 (*[(:   D:11 [   D:13 =

Annotations:
Slime:5 Royal Jelly


Innate Abilities, Weirdness & Mutations

You can spit globs of acid.
Your golden yellow scales are hard. (AC +8)
You cannot fit into any form of body armour.
You have acidic saliva.
You are cold-blooded and may be slowed by cold attacks.
You are resistant to acid. (rCorr)
You have large cloven feet.
You have a greatly increased reservoir of magic. (+30% MP)
Your spells are harder to cast, but more powerful.
Armour fits poorly on your pseudopods.
You have a small jelly attached to you that may absorb projectiles.
You expend magic power (3 MP) to strengthen your wands.
You passively dampen the noise of your surroundings.


Message History

You tail-slap the spark wasp.
You bite the spark wasp, but do no damage.
The spark wasp is moderately wounded.
You hear a horrible gurgling sound!
The spark wasp barely misses you. You block the spark wasp's attack.
You hit the spark wasp but do no damage.
Your kick misses the spark wasp.
The spark wasp is lightly wounded.
The spark wasp closely misses you. The spark wasp stings you.
The spark wasp shocks you!
You climb upwards.
Welcome back to the Dungeon!
There is a staircase to the Depths here.
You hit the spark wasp. Your bludgeon misses the spark wasp.
The spark wasp is lightly wounded.
The spark wasp stings you! The spark wasp shocks you!
* * * LOW HITPOINT WARNING * * *
The spark wasp stings you but does no damage.
You closely miss the spark wasp. Your kick misses the spark wasp.
You tail-slap the spark wasp, but do no damage.
The spark wasp is lightly wounded.
You have got your breath back.
The spark wasp stings you!
* * * LOW HITPOINT WARNING * * *
The spark wasp shocks you!
* * * LOW HITPOINT WARNING * * *
You feel much better. The spark wasp misses you.
You block the spark wasp's attack.
Press: ? - help, Shift-Dir - straight line, f - spark wasp
Aim: a spark wasp (lightly wounded, 52% to hit)
You spit a glob of acid.
The glob of acid hits the spark wasp!
The spark wasp is heavily wounded.
The spark wasp stings you!
* * * LOW HITPOINT WARNING * * *
The spark wasp shocks you!
* * * LOW HITPOINT WARNING * * *
Okay, then.
You feel better. The spark wasp stings you.
* * * LOW HITPOINT WARNING * * *
The spark wasp shocks you!
You die...

.#.# #.# ###......# # .#J#
#.# #####........# ##.# #.#
##8.......8#### ##.###.#
##...........## .......#
#.8.........PP#
.......###...8....8....#
.........#.P.8...888...#
##'#####...8...8......8###
#..........8J.8@........#
####..###......y......#.#
#....#.............#.#
###..#......888...8#.#
#...#8........8...#.########
###..#888........##.........
#.............#######.....
#.##.......####### #......
#.###...##.##....# #......


You could see a spark wasp and a neutral jelly (wandering) (fellow slime).

Vanquished Creatures
  A spark wasp (Depths:1)
  Snorg (D:13)
  A hydra (D:14)
  8 vault guards (D:14)
  An ogre mage (D:15)
  4 centaur warriors
  3 boulder beetles
  5 two-headed ogres
  A tengu warrior (D:14)
  2 death yaks (Lair:4)
  A titan zombie (D:15)
  A storm dragon zombie (D:15)
  4 hell knights (D:10)
  2 skysharks
  2 skeletal warriors (D:15)
  2 bog bodies (Lair:2)
  A wizard (D:15)
  2 orc knights (D:15)
  A deep elf pyromancer (D:12)
  A wolf spider (D:15)
  2 necromancers
  5 cyclopes
  A manticore (D:14)
  15 ugly things
  A stone giant skeleton (D:15)
  19 elephants
  A black mamba (Lair:4)
  6 cane toads
  A gargoyle (D:10)
  2 torpor snails
  An unseen horror (D:11)
  Maggie (D:10)
  2 freezing wraiths
  A kobold demonologist (D:12)
  6 komodo dragons
  An efreet (D:15)
  A burning bush (Lair:3)
  A polar bear (Lair:2)
  4 trolls
  A wolf spider simulacrum (D:14)
  3 meliai (D:14)
  7 blink frogs
  Prince Ribbit (D:9)
  A spriggan zombie (D:15)
  2 wyverns
  2 wraiths
  36 yaks
  A vampire (D:14)
  4 basilisks
  10 vampire mosquitoes
  A warg (D:15)
  7 hell hounds (D:10)
  An acid dragon (D:9)
  5 water moccasins
  Duvessa (D:7)
  8 orc warriors
  2 ice beasts
  3 black bears
  A sky beast (D:6)
  2 ogres
  4 wolves
  5 centaurs
  2 phantoms
  4 kobold brigands
  5 scorpions
  11 bullfrogs
  A wight (D:7)
  Dowan (D:7)
  8 killer bees (D:10)
  8 howler monkeys
  A vampire bat (D:5)
  4 electric eels (Lair:1)
  6 orc priests
  3 jellies
  3 hounds
  A sleepcap (D:4)
  Ijyb (D:3)
  5 iguanas
  10 orc wizards
  A hound skeleton (D:4)
  15 gnolls
  11 adders
  A shadow imp (D:5)
  A white imp (D:7)
  An ufetubus (D:5)
  2 worms
  5 dart slugs
  32 orcs
  6 bats
  A bat skeleton (D:5)
  6 bat zombies (D:5)
  13 endoplasms
  8 giant cockroaches
  10 goblins
  9 hobgoblins
  5 jackals
  5 quokkas
  8 ball pythons
  11 frilled lizards
  32 kobolds
  8 rats
488 creatures vanquished.

Vanquished Creatures (collateral kills)
  A flayed ghost (D:15)
1 creature vanquished.

Vanquished Creatures (others)
  A wraith (D:11)
  2 centaurs (D:13)
  30 jellies
  An orc wizard (D:3)
  31 fungi
  49 plants
  9 withered plants (D:15)
123 creatures vanquished.

Grand Total: 612 creatures vanquished

Notes
Turn   | Place    | Note
-------+----------+-------------------------------------------
     0 | D:1      | bobo the Draconian Monk began the quest for the Orb.
     0 | D:1      | Reached XP level 1. HP: 19/19 MP: 1/1
   123 | D:1      | Reached XP level 2. HP: 25/26 MP: 2/2
   370 | D:1      | Reached XP level 3. HP: 33/33 MP: 3/3
   375 | D:1      | Found Myamen's Antique Armour Shoppe.
   602 | D:2      | Found a faded altar of an unknown god.
  1042 | D:2      | Reached XP level 4. HP: 40/40 MP: 4/4
  1071 | D:2      | Learned a level 3 spell: Ozocubu's Armour
  1149 | D:2      | Reached skill level 4 in Fighting
  2050 | D:3      | Found a shadowy altar of Dithmenos.
  2162 | D:3      | Noticed Ijyb
  2168 | D:3      | Paralysed by Ijyb for 5 turns
  2178 | D:3      | Paralysed by Ijyb for 3 turns
  2211 | D:3      | Killed Ijyb
  2212 | D:3      | Reached XP level 5. HP: 15/46 MP: 5/5
  2632 | D:3      | Found a hide-covered altar of Uskayaw.
  2703 | D:4      | Reached XP level 6. HP: 44/53 MP: 6/6
  2990 | D:4      | Found a sparkling altar of Nemelex Xobeh.
  3358 | D:4      | Reached skill level 5 in Fighting
  3952 | D:4      | Found a burning altar of Makhleb.
  4014 | D:4      | Found a staircase to the Ecumenical Temple.
  4024 | Temple   | Entered the Ecumenical Temple
  4090 | D:5      | Entered Level 5 of the Dungeon
  4228 | D:5      | Your scales start taking on a golden yellow colour.
  4228 | D:5      | Reached XP level 7. HP: 32/61 MP: 7/7
  4228 | D:5      | Gained mutation: You are resistant to acid. (rCorr) [Yellow
                  | Draconian growth]
  4371 | D:5      | Found an iron altar of Okawaru.
  4411 | D:5      | Reached skill level 5 in Unarmed Combat
  4590 | D:5      | Reached skill level 6 in Fighting
  4590 | D:5      | Reached skill level 5 in Dodging
  4590 | D:5      | Reached XP level 8. HP: 52/70 MP: 8/8
  4653 | D:5      | Found an ancient bone altar of Kikubaaqudgha.
  4759 | D:5      | Found a glowing drain.
  4773 | Sewer    | Entered a sewer
  4914 | Sewer    | Reached skill level 5 in Stealth
  5789 | D:6      | Found a glowing golden altar of the Shining One.
  5791 | D:6      | Found an ornate altar of the Wu Jian Council.
  5811 | D:6      | Found a glowing silver altar of Zin.
  5976 | D:6      | Identified the +8 mace of Checks and Balances {heavy, Drain
                  | Str+5}
  6027 | D:6      | Reached skill level 7 in Fighting
  6277 | D:5      | Reached XP level 9. HP: 19/79 MP: 9/9
  6760 | D:7      | Reached skill level 8 in Fighting
  6978 | D:7      | Found a flagged portal.
  6998 | Bailey   | Entered a bailey
  7003 | Bailey   | Noticed an orc warlord
  7134 | Bailey   | Found a runed translucent gate.
  7249 | Bailey   | Found a runed translucent gate.
  7249 | Bailey   | Found a runed translucent gate.
  7421 | D:7      | Noticed Duvessa
  7425 | D:7      | Noticed Dowan
  7869 | D:7      | Killed Duvessa
  7890 | D:7      | Killed Dowan
  7898 | D:7      | Reached skill level 9 in Fighting
  8508 | D:8      | Found Yqis's Book Shoppe.
  8623 | D:8      | Found Otir's Weapon Emporium.
  8941 | D:8      | Found Janeops's General Store.
  8955 | D:8      | Reached XP level 10. HP: 91/91 MP: 10/10
  8998 | D:8      | Found Lusegac's Antique Weapon Emporium.
  9236 | D:8      | Found Adumig's Armour Shoppe.
  9245 | D:8      | Bought a +2 hat for 192 gold pieces
  9530 | D:9      | Noticed Prince Ribbit
  9738 | D:9      | Killed Prince Ribbit
 10088 | D:9      | Found a staircase to the Lair.
 10249 | D:9      | Reached skill level 10 in Fighting
 10576 | Lair:1   | Entered Level 1 of the Lair of Beasts
 11991 | Lair:2   | Reached XP level 11. HP: 98/101 MP: 11/11
 12046 | Lair:2   | Noticed a bog body
 12060 | Lair:2   | Found a staircase to the Swamp.
 12061 | Lair:2   | Noticed a bog body
 12082 | Lair:2   | Found a hole to the Spider Nest.
 12109 | Lair:2   | Killed a bog body
 12168 | Lair:2   | Killed a bog body
 12169 | Lair:2   | Reached skill level 11 in Fighting
 12169 | Lair:2   | Reached skill level 10 in Unarmed Combat
 13267 | Lair:2   | Reached skill level 1 in Evocations
 13632 | Lair:2   | Reached skill level 12 in Fighting
 14253 | Lair:3   | You fall into a shaft and drop 2 floors!
 14253 | Lair:5   | Entered Level 5 of the Lair of Beasts
 14267 | Lair:5   | Noticed a death yak
 14267 | Lair:5   | Noticed a death yak
 14268 | Lair:5   | Noticed a death yak
 14268 | Lair:5   | Noticed a death yak
 14353 | Lair:4   | Reached XP level 12. HP: 81/113 MP: 12/12
 14572 | Lair:4   | Noticed a death yak
 14583 | Lair:4   | Noticed a death yak
 14727 | Lair:4   | Found a staircase to the Slime Pits.
 14763 | Lair:4   | Reached skill level 5 in Evocations
 14771 | Lair:4   | Found a viscous altar of Jiyva.
 14786 | Lair:4   | Became a worshipper of Jiyva Jockir the Shapeless
 14786 | Lair:4   | Reached * piety under Jiyva
 14786 | Lair:4   | Reached ** piety under Jiyva
 14819 | Slime:1  | Entered Level 1 of the Pits of Slime
 14918 | Slime:1  | Noticed an acid blob
 14920 | Slime:1  | Noticed an acid blob
 14922 | Slime:1  | Noticed a quicksilver ooze
 14922 | Slime:1  | Noticed a great orb of eyes
 14925 | Slime:1  | Noticed an azure jelly
 14929 | Slime:1  | Noticed an acid blob
 14938 | Slime:1  | Noticed a quicksilver ooze
 14976 | Slime:1  | Noticed a great orb of eyes
 14977 | Slime:1  | Noticed an azure jelly
 14979 | Slime:1  | Noticed an azure jelly
 14980 | Slime:1  | Noticed an acid blob
 14988 | Slime:1  | Noticed an acid blob
 14989 | Slime:1  | Noticed a quicksilver ooze
 14989 | Slime:1  | Noticed a great orb of eyes
 14989 | Slime:1  | Noticed an acid blob
 14989 | Slime:1  | Noticed a quicksilver ooze
 14990 | Slime:1  | Noticed an azure jelly
 14991 | Slime:1  | Noticed a quicksilver ooze
 14991 | Slime:1  | Noticed an acid blob
 14992 | Slime:1  | Noticed a rockslime
 14993 | Slime:1  | Noticed a quicksilver ooze
 14994 | Slime:1  | Noticed a quicksilver ooze
 15012 | Slime:1  | Noticed a quicksilver ooze
 15051 | Slime:1  | Noticed a rockslime
 15057 | Slime:1  | Noticed a great orb of eyes
 15090 | Slime:2  | Noticed a rockslime
 15090 | Slime:2  | Noticed a rockslime
 15090 | Slime:2  | Noticed a quicksilver ooze
 15096 | Slime:2  | Noticed an azure jelly
 15108 | Slime:4  | Noticed an acid blob
 15109 | Slime:4  | Noticed an acid blob
 15127 | Slime:5  | Entered Level 5 of the Pits of Slime
 15129 | Slime:5  | Noticed a quicksilver ooze
 15133 | Slime:5  | Noticed an acid blob
 15142 | Slime:5  | Noticed an acid blob
 15145 | Slime:5  | Found a viscous altar of Jiyva.
 15145 | Slime:5  | Noticed the Royal Jelly
 15148 | Slime:5  | Noticed an acid blob
 15148 | Slime:5  | Noticed an acid blob
 15158 | Slime:5  | Noticed a quicksilver ooze
 15189 | Slime:3  | Noticed an acid blob
 15200 | Slime:2  | Noticed a great orb of eyes
 15339 | Lair:3   | Gained mutation: You expend magic power (3 MP) to
                  | strengthen your wands. [potion of mutation]
 15339 | Lair:3   | Gained mutation: You occasionally lose the ability to drink
                  | potions when taking damage. [potion of mutation]
 16139 | Lair:3   | Lost mutation: You occasionally lose the ability to drink
                  | potions when taking damage. [potion of mutation]
 16139 | Lair:3   | Lost mutation: You expend magic power (3 MP) to strengthen
                  | your wands. [potion of mutation]
 16139 | Lair:3   | Gained mutation: You expend magic power (3 MP) to
                  | strengthen your wands. [potion of mutation]
 16139 | Lair:3   | Gained mutation: You have large cloven feet. [potion of
                  | mutation]
 16151 | Lair:4   | Reached skill level 13 in Fighting
 16414 | Lair:4   | Reached *** piety under Jiyva
 16550 | Lair:4   | Killed a death yak
 16556 | Lair:4   | Killed a death yak
 16912 | D:10     | Entered Level 10 of the Dungeon
 17134 | D:10     | Gained mutation: Your spells are a little harder to cast,
                  | but a little more powerful. [Jiyva's grace]
 17134 | D:10     | Gained mutation: Your spells are harder to cast, but more
                  | powerful. [Jiyva's grace]
 17134 | D:10     | Gained mutation: Your spells are much harder to cast, but
                  | much more powerful. [Jiyva's grace]
 17134 | D:10     | Gained mutation: You are covered in slimy tendrils that may
                  | disarm your opponents. [Jiyva's grace]
 17150 | D:10     | Reached skill level 1 in Shields
 17738 | D:10     | Noticed Maggie
 17754 | D:10     | Killed Maggie
 17812 | D:10     | Reached XP level 13. HP: 73/123 MP: 13/13
 17853 | D:10     | Reached skill level 14 in Fighting
 18050 | D:11     | Reached **** piety under Jiyva
 18253 | D:11     | Found Wucewit's Antique Armour Emporium.
 18515 | D:11     | Found a staircase to the Orcish Mines.
 19090 | D:12     | Reached ***** piety under Jiyva
 19470 | D:13     | Lost mutation: Your spells are much harder to cast, but
                  | much more powerful. [Jiyva's grace]
 19470 | D:13     | Lost mutation: You are covered in slimy tendrils that may
                  | disarm your opponents. [Jiyva's grace]
 19470 | D:13     | Gained mutation: You have a small jelly attached to you
                  | that may absorb projectiles. [Jiyva's grace]
 19470 | D:13     | Gained mutation: Armour fits poorly on your pseudopods.
                  | [Jiyva's grace]
 19470 | D:13     | Gained mutation: Armour fits poorly on your large
                  | pseudopods. [Jiyva's grace]
 19470 | D:13     | Gained mutation: Armour fits poorly on your massive
                  | pseudopods. [Jiyva's grace]
 19478 | D:13     | Noticed Snorg
 19493 | D:13     | Killed Snorg
 19787 | D:13     | Reached skill level 5 in Shields
 19901 | D:13     | Found Wyxte Usora's Jewellery Shoppe.
 20462 | D:14     | Found a gate to the Vaults.
 20495 | D:14     | Reached skill level 15 in Fighting
 20495 | D:14     | Gained mutation: You have acidic saliva. [Yellow Draconian
                  | growth]
 20495 | D:14     | Reached XP level 14. HP: 89/135 MP: 14/14
 20567 | D:14     | Found a stormy altar of Qazlal.
 21305 | D:15     | Entered Level 15 of the Dungeon
 21338 | D:15     | Reached skill level 10 in Evocations
 21451 | D:15     | Identified a scroll of acquirement
 21501 | D:15     | Acquired the +0 hat of Dygrupio {rN++ Str+3}
 21549 | D:15     | Found a staircase to the Depths.
 21990 | Depths:1 | Entered Level 1 of the Depths
 21990 | Depths:1 | Lost mutation: Armour fits poorly on your massive
                  | pseudopods. [Jiyva's grace]
 21990 | Depths:1 | Lost mutation: Armour fits poorly on your large pseudopods.
                  | [Jiyva's grace]
 21990 | Depths:1 | Gained mutation: You passively dampen the noise of your
                  | surroundings. [Jiyva's grace]
 21990 | Depths:1 | Gained mutation: You have an increased reservoir of magic.
                  | (+10% MP) [Jiyva's grace]
 21990 | Depths:1 | Gained mutation: You have a considerably increased
                  | reservoir of magic. (+20% MP) [Jiyva's grace]
 21990 | Depths:1 | Gained mutation: You have a greatly increased reservoir of
                  | magic. (+30% MP) [Jiyva's grace]
 22006 | D:15     | Slain by a spark wasp

Illustrated notes

Levels and vault maps discovered:
D:1:      dpeg_arrival_simpleton_a, layout_rooms, serial_shops,
          nicolae_shop_trees
D:2:      minmay_inner_zag, layout_loops_corners,
          hellmonk_ecumenical_altar_slurped_away
D:3:      layout_loops_ring, mainiacjoe_overflow_swirl, chequers_avenue,
          uniq_ijyb
D:4:      layout_rooms, nemelex_spade_bored_becter, makhleb_blood_cavern_becter,
          minmay_temple_entry_poolview, reono_crystal_passage
D:5:      layout_basic, hellmonk_okawaru_the_only_friend_you_need,
          kennysheep_vampire_church, portal_sewer_entry_d
D:6:      wad_pebble_path, layout_gridville,
          gammafunk_temple_overflow_forgotten,
          eino_small_chamber_without_monster
D:7:      layout_layer_cave, enter_bailey_2, minmay_unpleasant_kobolds,
          uniq_duvessa
D:8:      layout_gridville, serial_shops, shop, nicolae_diamond_shop,
          nicolae_shop_bloodbath_and_beyond, shop_statue, nicolae_shop_trees
D:9:      layout_small_grid, grunt_lair_entry_orc_guard_hut, uniq_prince_ribbit1
D:10:     layout_cave_pods, minmay_rotating_lava, uniq_maggie
D:11:     layout_loops_ring, orc_0_dummy, serial_shops, nicolae_take_the_stairs
D:12:     layout_basic
D:13:     layout_layer_cave, serial_shops, shop_fountains, evilmike_butchery,
          uniq_snorg
D:14:     layout_loops_ring, erik_vaults_2, nicolae_qazlal_eye_of_the_storm,
          kennysheep_generic_room_16
D:15:     gammafunk_depths_entry_grave, layout_basic, nicolae_eternal_life,
          minmay_librarian
Temple:   nicolae_temple_ecumenical_triangle
Lair:1:   layout_loops_ring, serial_bayou_lake_a, grunt_megastairs_2,
          serial_bayou_shore_b
Lair:2:   layout_gridlike, skrybe_swamp_entry_bodies, dummy_spider_entry
Lair:3:   layout_cave_pods, chequers_serial_rivers_micro_d, evilmike_ambush
          [evilmike_ambush_outer_corners, evilmike_ambush_inner_cross]
Lair:4:   layout_gridlike, nicolae_slime_entry_field_trip, serial_bayou_crossing
Lair:5:   guppyfry_lair_end_dragon, layout_regular_city,
          hangedman_lair_caniforms_friends, lemuel_fruit_tree, uniq_rupert
Slime:1:  layout_caves, special_room [special_room_jelly]
Slime:2:  layout_caves
Slime:3:  layout_caves
Slime:4:  layout_caves
Slime:5
Depths:1: minmay_open_boxes_in_corner, layout_basic, abyss_entry_crystal,
          chequers_big_river, hellmouth_3, kennysheep_two_boxes

Skill      XL: |  1  2  3  4  5  6  7  8  9 10 11 12 13 14 |
---------------+-------------------------------------------+-----
Stealth        | 2 3 4 6 |  6.0
Dodging        | 3 4 5 6 7 9 |  9.5
Fighting       | 4 5 6 7 9 10 12 13 15 | 15.8
Unarmed Combat | 4 5 6 8 9 11 12 13 14 | 14.6
Evocations     | 4 7 9 10 | 10.6
Shields        | 2 5 7 |  7.7

Action                     |  1- 3 |  4- 6 |  7- 9 | 10-12 | 13-15 || total
---------------------------+-------+-------+-------+-------+-------++-------
  Melee: Unarmed           |   133 |   350 |   484 |   765 |   534 ||  2266
         Tailslap          |    25 |    59 |    77 |   144 |   110 ||   415
         Punch             |     3 |     5 |    21 |    12 |       ||    41
         Kick              |       |       |       |    74 |   245 ||   319
         Pseudopods        |       |       |       |       |   105 ||   105
         Bite              |       |       |       |       |    46 ||    46
  Throw: Throwing net      |       |       |     1 |     1 |       ||     2
 Invoke: Oozemancy         |       |       |       |     1 |     1 ||     2
Ability: Breathe Acid      |       |       |    27 |    51 |    26 ||   104
  Evoke: Wand              |       |       |       |    31 |    13 ||    44
         Tin of tremorston |       |       |       |       |     4 ||     4
    Use: Potion            |       |     3 |     5 |     8 |     2 ||    18
         Scroll            |       |    12 |     8 |    15 |     2 ||    37
   Stab: Sleeping          |     5 |     7 |     9 |     6 |     9 ||    36
         Distracted        |       |       |     1 |     1 |     2 ||     4
 Armour: Skin              |    38 |    69 |   155 |   294 |   126 ||   682
  Dodge: Dodged            |    67 |   194 |   353 |   490 |   282 ||  1386
  Block: Other             |       |       |    63 |    48 |       ||   111
         Reflection        |       |       |     4 |     3 |    11 ||    18
         Kite shield       |       |       |       |   383 |   370 ||   753

Table legend: (Time is in decaauts)
 A = Elapsed time spent in this place.
 B = Non-inter-level travel time spent in this place.
 C = Inter-level travel time spent in this place.
 D = Time resting spent in this place.
 E = Time spent auto-exploring this place.
 F = Levels seen in this place.
 G = Mean time per level.
                   A        B        C        D        E       F      G
               +--------+--------+--------+--------+--------+-----+--------+
         Total |  21868 |  20926 |    942 |   2933 |  11988 |  29 |  754.1 |
       Dungeon |  14967 |  14378 |    589 |   1602 |   9031 |  15 |  997.8 |
        Temple |     43 |     37 |      6 |      0 |     31 |   1 |   43.0 |
          Lair |   5960 |   5674 |    286 |   1271 |   2637 |   5 | 1192.0 |
    Slime Pits |    395 |    334 |     61 |      0 |    267 |   5 |   79.0 |
        Depths |      9 |      9 |      0 |      0 |      0 |   1 |    9.0 |
         Sewer |    210 |    210 |      0 |      0 |     21 |   1 |  210.0 |
        Bailey |    280 |    280 |      0 |     60 |      0 |   1 |  280.0 |
               +--------+--------+--------+--------+--------+-----+--------+

Top non-repeatable levels by time:
  Lair:1: 2451 daAuts
     D:5: 1670 daAuts
  Lair:4: 1459 daAuts
     D:7: 1323 daAuts
     D:4: 1226 daAuts
     D:9: 1176 daAuts
     D:2: 1165 daAuts
     D:3: 1142 daAuts
    D:10: 1132 daAuts
  Lair:2: 1077 daAuts
    D:14: 1052 daAuts
  Lair:3: 915 daAuts
     D:8: 878 daAuts
    D:13: 844 daAuts
     D:6: 783 daAuts
